 Dungeon Crawl Stone Soup version 0.30-a0-743-gbfdf073431 (webtiles) character file.

Game seed: 9601707476982964800

41 Dirtsage the Slasher (level 3, -3/18 HPs)
             Began as a Vine Stalker Gladiator on Feb 7, 2023.
             Slain by a gnoll
             ... wielding a +0 halberd
              (8 damage)
             ... on level 2 of the Dungeon.
             The game lasted 00:02:29 (1671 turns).

Dirtsage the Slasher (Vine Stalker Gladiator)       Turns: 1671, Time: 00:02:30

Health: -3/18      AC:  7    Str: 16    XL:     3   Next: 52%
Magic:  0/4        EV:  9    Int:  8    God:
Gold:   64         SH:  4    Dex: 17    Spells: 2/2 levels left

rFire   . . .      SeeInvis .    a - +0 long sword
rCold   + . .      Faith    .    k - +0 buckler
rNeg    . . .      Spirit   +    l - +0 scale mail {rC+}
rPois   .          Reflect  .    c - +0 helmet
rElec   .          Harm     .    (no cloak)
rCorr   .          Rampage  .    (no gloves)
Will    .....                    (no boots) Stlth
                                 (no amulet)
HPRegen 0.23/turn                (no ring)
MPRegen 0.09/turn                (no ring)

@: lethally poisoned (-3 -> -8)
A: fangs 2, magic shield, antimagic bite, no potion heal 2
a: no special abilities


You were on level 2 of the Dungeon.
You visited 1 branch of the dungeon, and saw 3 of its levels.

You collected 64 gold pieces.

Inventory:

Hand Weapons
 a - a +0 long sword (weapon)
 j - a +2 short sword of venom
Missiles
 d - 3 throwing nets (quivered)
 e - a javelin
Armour
 b - a +0 leather armour
 c - a +0 helmet (worn)
 k - a +0 buckler (worn)
 l - a +0 scale mail of cold resistance (worn)
Scrolls
 f - 2 scrolls of identify {unknown}
 i - 2 scrolls of vulnerability {unknown}
 n - a scroll of teleportation {unknown}
 o - a scroll of acquirement {unknown}
 q - a scroll of summoning {unknown}
 r - a scroll of brand weapon {unknown}
Potions
 g - a potion of curing {unknown}
 h - a potion of degeneration {unknown}
 m - a potion of resistance {unknown}
 p - 2 potions of heal wounds {unknown}


   Skills:
 - Level 1.7 Fighting
 + Level 4.0 Long Blades
 - Level 1.7 Throwing
 - Level 2.4 Dodging


You had 2 spell levels left.
You didn't know any spells.
Your spell library was empty.

Dungeon Overview and Level Annotations

Branches:
Dungeon (3/15)

Altars:
Makhleb


Innate Abilities, Weirdness & Mutations

You have extremely sharp teeth.
When hurt, damage is shared between your health and your magic reserves.
Your bite disrupts and absorbs the magic of your enemies.
Potions cannot restore your health.


Message History

You kill the bat!
No target in view!
No target in view!
No target in view!
HP restored.
You see here a bat corpse.
An adder comes into view.
The adder hisses angrily.
The adder moves out of view.
Health restored: 18 You open the door. 3 gnolls come into view.
A gnoll is wielding a +3 halberd of pain.
The gnoll shouts! x2
A gnoll comes into view. It is wielding a +0 spear.
The gnoll shouts!
The gnoll throws a throwing net.
The throwing net misses you.
There is a stone staircase leading up here.
You see here a throwing net.
There is a stone staircase leading up here.
You see here a throwing net.
The gnoll hits you from afar with a +3 halberd of pain!
You writhe in agony.
The gnoll hits you but does no damage. The adder bites you but does no damage.
You climb upwards.
There is a stone staircase leading down here.
You take 7 damage, and have 11/18 hp.
MASSIVE DAMAGE!!
You now have 3/4 mp.
You hit the gnoll.
The gnoll is moderately wounded.
The gnoll hits you with a +0 halberd! The adder bites you but does no damage.
The gnoll hits you but does no damage. The adder bites you but does no damage.
You take 5 damage, and have 6/18 hp.
MASSIVE DAMAGE!!
You now have 1/4 mp.
You hit the gnoll. You bite the gnoll. You drain its power.
You feel invigorated.
The gnoll is severely wounded.
The adder bites you.
* * * LOW HITPOINT WARNING * * *
You are lethally poisoned!
The adder poisons you! The gnoll hits you with a +0 halberd!
You die...

#.###############.##
#.# #.# #.# #.# #.#
#.# #.###########
#.#
######...........#
#.#
#.....##########.#
#.# ........^.# #g#
#.# #.....###.# #@#
#.# #.....# #.# #S#
#.# ####### #.# #.#
#.# #.### #.# #.#
##### #...# #.# #.#
....# ###.# #.# #.#
....# #.####.## #.#
....# #.......# #.#
....# ######### #.#


You could see a gnoll and an adder.

Vanquished Creatures
  2 dart slugs (D:1)
  3 bats
  2 giant cockroaches
  2 goblins (D:1)
  6 hobgoblins
  6 kobolds
  6 ball pythons
  2 frilled lizards
  6 rats
35 creatures vanquished.

Notes
Turn   | Place    | Note
-------+----------+-------------------------------------------
     0 | D:1      | Dirtsage the Vine Stalker Gladiator began the quest for the
                  | Orb.
     0 | D:1      | Reached XP level 1. HP: 11/11 MP: 2/2
     4 | D:1      | You fall into a shaft and drop 1 floor!
   131 | D:2      | Reached skill level 3 in Long Blades
   154 | D:2      | Found a burning altar of Makhleb.
   160 | D:2      | Reached XP level 2. HP: 15/15 MP: 3/3
   483 | D:1      | Reached XP level 3. HP: 15/18 MP: 4/4
  1033 | D:2      | Reached skill level 4 in Long Blades
  1671 | D:2      | Slain by a gnoll

Illustrated notes

Levels and vault maps discovered:
D:1:      roderic_dead_forest, layout_basic, serial_rivers,
          chequers_serial_rivers_room_b, chequers_serial_rivers_large_a,
          chequers_serial_rivers_large_b, chequers_serial_rivers_micro_b,
          chequers_serial_rivers_room_b, chequers_serial_rivers_micro_b
D:2:      layout_basic, basic_altar, minmay_pentomino_s2
D:3:      layout_loops_corners, amcnicky_altar_gilded, minmay_bisected

Skill      XL: |  1  2  3 |
---------------+----------+-----
Long Blades    | 3 4 |  4.0
Fighting       | |  1.7
Throwing       | |  1.7
Dodging        | |  2.4

Action                     || total
---------------------------++-------
  Melee: Long sword        ||    90
         Bite              ||    17
         Punch             ||     1
 Armour: Leather armour    ||     7
         Scale mail        ||    39
  Dodge: Dodged            ||    53
  Block: Buckler           ||     3

Table legend: (Time is in decaauts)
 A = Elapsed time spent in this place.
 B = Non-inter-level travel time spent in this place.
 C = Inter-level travel time spent in this place.
 D = Time resting spent in this place.
 E = Time spent auto-exploring this place.
 F = Levels seen in this place.
 G = Mean time per level.
                   A        B        C        D        E       F      G
               +--------+--------+--------+--------+--------+-----+--------+
         Total |   1729 |   1697 |     32 |      0 |   1456 |   3 |  576.3 |
       Dungeon |   1729 |   1697 |     32 |      0 |   1456 |   3 |  576.3 |
               +--------+--------+--------+--------+--------+-----+--------+

Top non-repeatable levels by time:
     D:2: 967 daAuts
     D:1: 733 daAuts
     D:3: 29 daAuts
